EL
AKRON RUBBERDUCKS @ RICHMOND FLYING SQUIRRELS
08/18/2099
 
TOP OF THE 1ST
Akron RubberDucks batting - Pitching for Richmond Flying Squirrels : LHP Dave Sapp
Pitching: LHP Dave Sapp
Batting: RHB Gabe Trujillo 0-0: Called Strike
0-1: Fly out, F7 (Flyball, 7D, EV 81.9 MPH)
Batting: LHB Chris Shuford 0-0: Fly out, F6 (Popup, 6D, EV 73.8 MPH)
Batting: RHB Jake Wahlstrom 0-0: Foul Ball, location: 3F
0-1: Ball
1-1: Foul Ball, location: 7LMF
1-2: Ball
2-2: Strikes out swinging
Top of the 1st over - 0 runs, 0 hits, 0 errors, 0 left on base; Akron 0 - Richmond 0
BOTTOM OF THE 1ST
Richmond Flying Squirrels batting - Pitching for Akron RubberDucks : RHP Gene Bowman
Pitching: RHP Gene Bowman
Batting: LHB Bill Curtis 0-0: Ball
1-0: Fly out, F8 (Flyball, 89M, EV 93.8 MPH)
Batting: RHB Dusty Sorenson 0-0: Called Strike
0-1: Foul Ball, location: 3F
0-2: Ball
1-2: Ball
2-2: SINGLE (Groundball, 34D, EV 99.4 MPH)
Batting: RHB Craig Knopp 0-0: Called Strike
0-1: Called Strike
0-2: SINGLE (Line Drive, 6MD, EV 95.6 MPH)
Dusty Sorenson to second
Runner from 2nd tries for 3rd, SAFE, throw by CF made to third
Batting: LHB Josh Layne 0-0: Called Strike
0-1: Called Strike
Craig Knopp steals 2nd base
0-2: Ball
1-2: Foul Ball, location: 9LMF
1-2: Foul Ball, location: 2F
1-2: Ball
2-2: Ball
3-2: Fly out, F7 (Flyball, 7LD, EV 102.5 MPH)
Runner from 3rd tags up, SCORES, no throw by LF
Craig Knopp to third
Batting: RHB Nawaf Shafeeq 0-0: Swinging Strike
0-1: Ball
1-1: Ball
2-1: Foul Ball, location: 2F
2-2: Strikes out swinging
Bottom of the 1st over - 1 run, 2 hits, 0 errors, 1 left on base; Akron 0 - Richmond 1
TOP OF THE 2ND
Akron RubberDucks batting - Pitching for Richmond Flying Squirrels : LHP Dave Sapp
Batting: SHB Roger Gallacher 0-0: Foul Ball, location: 2F
0-1: Foul Ball, location: 5F
0-2: Ball
1-2: Strikes out looking
Batting: RHB Matt Wescoat 0-0: Ball
1-0: Swinging Strike
1-1: Swinging Strike
1-2: Ball
2-2: Strikes out swinging
Batting: RHB Stuart Wyffels 0-0: Ball
1-0: Swinging Strike
1-1: Called Strike
1-2: Ball
2-2: Ground out 6-3 (Groundball, 6, EV 80.0 MPH)
Top of the 2nd over - 0 runs, 0 hits, 0 errors, 0 left on base; Akron 0 - Richmond 1
BOTTOM OF THE 2ND
Richmond Flying Squirrels batting - Pitching for Akron RubberDucks : RHP Gene Bowman
Batting: LHB Eric Binder 0-0: Ball
1-0: DOUBLE (Flyball, 89D, EV 100.0 MPH)
Batting: RHB Luis Henad 0-0: Ball
1-0: Foul Ball, location: 2F
1-1: Ball
2-1: Ball
3-1: Swinging Strike
3-2: SINGLE (Line Drive, 8LS, EV 103.8 MPH)
Eric Binder to third
Batting: RHB Kevin Berry 0-0: Called Strike
0-1: Ball
1-1: Ball
2-1: Ball
3-1: Base on Balls
Luis Henad to second
Batting: SHB Paul DiPietro 0-0: Called Strike
0-1: Ball
1-1: Ball
2-1: Ball
3-1: Called Strike
3-2: SINGLE (Groundball, 34, EV 108.1 MPH)
Eric Binder scores
Luis Henad to third
Kevin Berry to second
Batting: LHB Bill Curtis 0-0: Called Strike
0-1: Ball
1-1: Called Strike
1-2: Ball
2-2: Ball
3-2: Foul Ball, location: 2F
3-2: DOUBLE (Groundball, 3L, EV 103.1 MPH)
Luis Henad scores
Kevin Berry scores
Paul DiPietro to third
Runner from 3rd tries for Home, SAFE, throw by RF to home
Batting: RHB Dusty Sorenson 0-0: Ball
1-0: Ground out 5-3 (Groundball, 56, EV 101.3 MPH)
Batting: RHB Craig Knopp 0-0: Ball
1-0: Swinging Strike
1-1: Called Strike
1-2: Ball
2-2: Ball
3-2: Strikes out swinging
Batting: LHB Josh Layne 0-0: Called Strike
0-1: Ball
1-1: 2-RUN HOME RUN (Flyball, 89XD, EV 105.0 MPH), Distance : 393 ft
Pitching: RHP Mike Rottler
Batting: RHB Nawaf Shafeeq 0-0: Fly out, F9 (Flyball, 9, EV 85.0 MPH)
Bottom of the 2nd over - 6 runs, 5 hits, 0 errors, 0 left on base; Akron 0 - Richmond 7
TOP OF THE 3RD
Akron RubberDucks batting - Pitching for Richmond Flying Squirrels : LHP Dave Sapp
Batting: RHB Jeff Clark 0-0: Swinging Strike
0-1: Foul Ball, location: 5SF
0-2: Ball
1-2: Strikes out swinging
Batting: RHB Jody Gibson 0-0: Ball
1-0: Foul Ball, location: 2F
1-1: SINGLE (Flyball, 78S, EV 93.1 MPH)
Batting: LHB Jeff O'Dell 0-0: Called Strike
0-1: Ball
1-1: SINGLE (Groundball, 34D, EV 102.5 MPH)
Jody Gibson to second
Runner from 2nd tries for 3rd, SAFE, throw by RF made to third
Batting: RHB Gabe Trujillo 0-0: Called Strike
0-1: Ball
1-1: Ball
2-1: Foul Ball, location: 2RF
2-2: Foul Ball, location: 2RF
2-2: Ball
3-2: Base on Balls
Jeff O'Dell to second
Batting: LHB Chris Shuford 0-0: Called Strike
0-1: Ball
1-1: Swinging Strike
1-2: SINGLE (Line Drive, 6D, EV 106.3 MPH)
Jody Gibson scores
Jeff O'Dell to third
Gabe Trujillo to second
Batting: RHB Jake Wahlstrom 0-0: DOUBLE (Line Drive, 7LS, EV 92.5 MPH)
Jeff O'Dell scores
Gabe Trujillo scores
Chris Shuford to third
Batting: SHB Roger Gallacher 0-0: Swinging Strike
0-1: Ball
1-1: Ball
2-1: Ball
Passed Ball!
Chris Shuford scores
Jake Wahlstrom to third
3-1: Ground out U3 (Groundball, 3S, EV 83.8 MPH)
Batting: RHB Matt Wescoat 0-0: Ball
1-0: Ball
2-0: Ground out U3 (Groundball, 34S, EV 67.5 MPH)
Top of the 3rd over - 4 runs, 4 hits, 0 errors, 1 left on base; Akron 4 - Richmond 7
BOTTOM OF THE 3RD
Richmond Flying Squirrels batting - Pitching for Akron RubberDucks : RHP Mike Rottler
Batting: LHB Eric Binder 0-0: Ball
1-0: Ball
2-0: Called Strike
2-1: Fly out, F4 (Popup, 4S, EV 73.8 MPH)
Batting: RHB Luis Henad 0-0: Ball
1-0: Ball
2-0: Foul Ball, location: 9LSF
2-1: Called Strike
2-2: Ball
3-2: DOUBLE (Flyball, 7LD, EV 108.1 MPH)
Batting: RHB Kevin Berry 0-0: Foul Ball, location: 2F
0-1: Ball
1-1: Fly out, F9 (Flyball, 89D, EV 104.4 MPH)
Batting: SHB Paul DiPietro 0-0: Foul Ball, location: 7LDF
0-1: Ball
1-1: SINGLE (Line Drive, 5L, EV 95.0 MPH)
Luis Henad to third
Runner from 3rd tries for Home, SAFE, throw by LF to home
Batting: LHB Bill Curtis 0-0: Ball
1-0: Foul Ball, location: 2F
1-1: Foul Ball, location: 7LMF
1-2: Ground out U3 (Groundball, 3, EV 80.6 MPH)
Bottom of the 3rd over - 1 run, 2 hits, 0 errors, 1 left on base; Akron 4 - Richmond 8
TOP OF THE 4TH
Akron RubberDucks batting - Pitching for Richmond Flying Squirrels : LHP Dave Sapp
Batting: RHB Stuart Wyffels 0-0: SINGLE (Line Drive, 89M, EV 87.5 MPH)
Batting: RHB Jeff Clark 0-0: Foul Ball, location: 2F
0-1: Swinging Strike
0-2: Ball
1-2: SINGLE (Flyball, 3D, EV 89.4 MPH)
Stuart Wyffels to second
Runner from 2nd tries for 3rd, SAFE, throw by RF made to third
Batting: RHB Jody Gibson 0-0: Ball
1-0: Ball
2-0: Ball
3-0: Called Strike
3-1: Swinging Strike
3-2: Strikes out looking
Batting: LHB Jeff O'Dell 0-0: Ball
1-0: Foul Ball, location: 7LSF
1-1: Called Strike
Jeff Clark steals 2nd base
1-2: Foul Ball, location: 2F
1-2: Foul Ball, location: 2F
1-2: Ball
2-2: Ball
3-2: Foul Ball, location: 7LSF
3-2: Foul Ball, location: 2F
3-2: SINGLE (Line Drive, 89S, EV 98.1 MPH)
Stuart Wyffels scores
Jeff Clark to third
Runner from 3rd tries for Home, SAFE, throw by CF to home
Pitching: RHP Micah Minto
Batting: RHB Gabe Trujillo 0-0: Called Strike
0-1: Foul Ball, location: 5FF
0-2: Foul Ball, location: 5DF
0-2: Strikes out swinging
Batting: LHB Chris Shuford 0-0: Fly out, F6 (Popup, 6, EV 58.8 MPH)
Top of the 4th over - 2 runs, 3 hits, 0 errors, 1 left on base; Akron 6 - Richmond 8
BOTTOM OF THE 4TH
Richmond Flying Squirrels batting - Pitching for Akron RubberDucks : RHP Mike Rottler
Batting: RHB Dusty Sorenson 0-0: Ball
1-0: Ground out 5-3 (Groundball, 56, EV 86.9 MPH)
Batting: RHB Craig Knopp 0-0: Ball
1-0: Ground out 6-3 (Groundball, 6, EV 100.0 MPH)
Batting: LHB Josh Layne 0-0: Foul Ball, location: 3SF
0-1: Ball
1-1: Ball
2-1: Ground out U3 (Groundball, 3, EV 86.3 MPH)
Bottom of the 4th over - 0 runs, 0 hits, 0 errors, 0 left on base; Akron 6 - Richmond 8
TOP OF THE 5TH
Akron RubberDucks batting - Pitching for Richmond Flying Squirrels : RHP Micah Minto
Batting: RHB Jake Wahlstrom 0-0: Foul Ball, location: 2F
0-1: Foul Ball, location: 7LMF
0-2: Fly out, F8 (Flyball, 8LXD, EV 101.9 MPH)
Batting: SHB Roger Gallacher 0-0: Called Strike
0-1: SOLO HOME RUN (Flyball, 8RXD, EV 112.5 MPH), Distance : 430 ft
Batting: RHB Matt Wescoat 0-0: Ball
1-0: Swinging Strike
1-1: Called Strike
1-2: Strikes out swinging
Pinch Hitting: LHB Bruce Benevides 0-0: Called Strike
0-1: Ball
1-1: Ball
2-1: Ball
3-1: Base on Balls
Batting: RHB Jeff Clark 0-0: Ball
Bruce Benevides steals 2nd base
1-0: Ball
2-0: Swinging Strike
2-1: Ball
3-1: Base on Balls
Batting: RHB Jody Gibson 0-0: Ball
1-0: Foul Ball, location: 2F
1-1: Ball
2-1: Ball
3-1: Foul Ball, location: 2F
3-2: Strikes out looking
Top of the 5th over - 1 run, 1 hit, 0 errors, 2 left on base; Akron 7 - Richmond 8
BOTTOM OF THE 5TH
Richmond Flying Squirrels batting - Pitching for Akron RubberDucks : RHP Mike Rottler
Now at 3B: Bruce Benevides
Now in RF: Jeff O'Dell
Batting: RHB Nawaf Shafeeq 0-0: Foul Ball, location: 2F
0-1: Ball
1-1: Fly out, F9 (Flyball, 9D, EV 99.4 MPH)
Batting: LHB Eric Binder 0-0: Fly out, F8 (Flyball, 8LD, EV 105.0 MPH)
Batting: RHB Luis Henad 0-0: Ball
1-0: Ball
2-0: Foul Ball, location: 7LDF
2-1: Ball
3-1: Base on Balls
Batting: RHB Kevin Berry 0-0: Called Strike
0-1: Ball
1-1: Ball
2-1: Called Strike
2-2: Ball
3-2: Strikes out swinging
Bottom of the 5th over - 0 runs, 0 hits, 0 errors, 1 left on base; Akron 7 - Richmond 8
TOP OF THE 6TH
Akron RubberDucks batting - Pitching for Richmond Flying Squirrels : RHP Micah Minto
Batting: LHB Jeff O'Dell 0-0: Ball
1-0: Called Strike
1-1: Foul Ball, location: 7LSF
1-2: Ball
2-2: SINGLE (Line Drive, 89S, EV 98.8 MPH)
Batting: RHB Gabe Trujillo
Pinch Hitting: LHB Micah Cannon 0-0: Called Strike
0-1: Called Strike
0-2: Ball
1-2: Fly out, F8 (Flyball, 8LM, EV 97.5 MPH)
Batting: LHB Chris Shuford 0-0: Foul Ball, location: 7LMF
0-1: Foul Ball, location: 23F
0-2: Ball
1-2: Foul Ball, location: 2F
1-2: Ball
2-2: Foul Ball, location: 5SF
2-2: Ball
3-2: Foul Ball, location: 2F
3-2: Fielders Choice at 2nd, 4-6 (Groundball, 4, EV 88.1 MPH)
Batting: RHB Jake Wahlstrom 0-0: Ball
1-0: Swinging Strike
1-1: Swinging Strike
1-2: Strikes out swinging
Top of the 6th over - 0 runs, 1 hit, 0 errors, 1 left on base; Akron 7 - Richmond 8
BOTTOM OF THE 6TH
Richmond Flying Squirrels batting - Pitching for Akron RubberDucks : RHP Mike Rottler
Now in CF: Micah Cannon
Batting: SHB Paul DiPietro 0-0: Called Strike
0-1: Ground out 4-3 (Groundball, 4, EV 87.5 MPH)
Batting: LHB Bill Curtis 0-0: SINGLE (Line Drive, 8RS, EV 96.3 MPH)
Batting: RHB Dusty Sorenson 0-0: Ball
1-0: SINGLE (Groundball, 6MD, EV 99.4 MPH)
Bill Curtis to second
Runner from 2nd tries for 3rd, SAFE, no throw by CF
Batting: RHB Craig Knopp 0-0: Ball
1-0: Ball
2-0: Foul Ball, location: 9LMF
2-1: Ball
3-1: Called Strike
3-2: Foul Ball, location: 2F
3-2: Foul Ball, location: 23FF
3-2: Foul Ball, location: 2RF
3-2: Fielders Choice at 2nd, 6-4 (Groundball, 6MS, EV 90.6 MPH)
Bill Curtis scores
Pitching: LHP Carlos Ramirez
Batting: LHB Josh Layne 0-0: 2-RUN HOME RUN (Flyball, 89XD, EV 104.4 MPH), Distance : 410 ft
Batting: RHB Nawaf Shafeeq 0-0: Fly out, F9 (Flyball, 89S, EV 90.6 MPH)
Bottom of the 6th over - 3 runs, 3 hits, 0 errors, 0 left on base; Akron 7 - Richmond 11
TOP OF THE 7TH
Akron RubberDucks batting - Pitching for Richmond Flying Squirrels : RHP Micah Minto
Batting: SHB Roger Gallacher 0-0: Called Strike
0-1: Swinging Strike
0-2: Ground out 2-3 (Groundball, 13S, EV 69.4 MPH)
Batting: RHB Matt Wescoat 0-0: Ball
1-0: Called Strike
1-1: Ball
2-1: Called Strike
2-2: Strikes out looking
Batting: LHB Bruce Benevides 0-0: Ball
1-0: Ball
2-0: Fly out, F7 (Flyball, 78S, EV 85.0 MPH)
Top of the 7th over - 0 runs, 0 hits, 0 errors, 0 left on base; Akron 7 - Richmond 11
BOTTOM OF THE 7TH
Richmond Flying Squirrels batting - Pitching for Akron RubberDucks : LHP Carlos Ramirez
Batting: LHB Eric Binder 0-0: Ball
1-0: Swinging Strike
1-1: Foul Ball, location: 2F
1-2: Fly out, F5 (Popup, 5SF, EV 76.3 MPH)
Batting: RHB Luis Henad 0-0: Foul Ball, location: 9LDF
0-1: Ball
1-1: Ball
2-1: Foul Ball, location: 3SF
2-2: Foul Ball, location: 9LMF
2-2: Ball
3-2: Foul Ball, location: 3FF
3-2: SINGLE (Groundball, 34D, EV 98.8 MPH)
Batting: RHB Kevin Berry 0-0: Ball
1-0: SINGLE (Groundball, 4D, EV 103.8 MPH)
Luis Henad to second
Batting: SHB Paul DiPietro 0-0: Ball
1-0: Fly out, F9 (Flyball, 9, EV 94.4 MPH)
Batting: LHB Bill Curtis 0-0: Ball
1-0: Foul Ball, location: 3F
1-1: Ball
2-1: Ball
3-1: Base on Balls
Luis Henad to third
Kevin Berry to second
Batting: RHB Dusty Sorenson 0-0: Foul Ball, location: 2F
0-1: Ball
1-1: Called Strike
1-2: Ball
2-2: Ball
3-2: Ground out 6-3 (Groundball, 6, EV 89.4 MPH)
Bottom of the 7th over - 0 runs, 2 hits, 0 errors, 3 left on base; Akron 7 - Richmond 11
TOP OF THE 8TH
Akron RubberDucks batting - Pitching for Richmond Flying Squirrels : RHP Micah Minto
Batting: RHB Jeff Clark 0-0: SOLO HOME RUN (Flyball, 89XD, EV 103.8 MPH), Distance : 396 ft
Batting: RHB Jody Gibson 0-0: Foul Ball, location: 2F
0-1: Ball
1-1: Fly out, F3 (Popup, 34S, EV 80.6 MPH)
Batting: LHB Jeff O'Dell 0-0: Called Strike
0-1: Foul Ball, location: 3FF
0-2: SINGLE (Groundball, 34D, EV 102.5 MPH)
Pitching: LHP Alberto Vasquez
Batting: LHB Micah Cannon 0-0: Foul Ball, location: 7LMFF
0-1: Called Strike
0-2: Fly out, F2 (Popup, 15S, EV 91.9 MPH)
Batting: LHB Chris Shuford 0-0: Ball
1-0: Ball
2-0: Swinging Strike
2-1: Swinging Strike
2-2: Foul Ball, location: 9LMF
2-2: Ball
3-2: Foul Ball, location: 7LDF
Pickoff Throw to First - Out! 1-3 CS
Top of the 8th over - 1 run, 2 hits, 0 errors, 0 left on base; Akron 8 - Richmond 11
BOTTOM OF THE 8TH
Richmond Flying Squirrels batting - Pitching for Akron RubberDucks : LHP Carlos Ramirez
Batting: RHB Craig Knopp 0-0: Called Strike
0-1: Ball
1-1: Swinging Strike
1-2: Strikes out swinging
Batting: LHB Josh Layne 0-0: Foul Ball, location: 2F
0-1: Ball
1-1: Ball
2-1: Foul Ball, location: 7LDF
2-2: Ball
3-2: Foul Ball, location: 5F
3-2: SINGLE (Flyball, 56D, EV 93.1 MPH)
Batting: RHB Nawaf Shafeeq 0-0: Called Strike
0-1: SINGLE (Groundball, 34D, EV 98.1 MPH)
Josh Layne to second
Runner from 2nd tries for 3rd, SAFE, throw by RF made to third
Batting: LHB Eric Binder 0-0: TRIPLE (Flyball, 89XD, EV 98.1 MPH)
Josh Layne scores
Nawaf Shafeeq scores
Batting: RHB Luis Henad 0-0: Ball
1-0: Called Strike
1-1: Foul Ball, location: 3SF
1-2: Foul Ball, location: 2F
1-2: Ground out 5-3 (Groundball, 5, EV 86.9 MPH)
Batting: RHB Kevin Berry 0-0: Ball
1-0: Foul Ball, location: 23F
1-1: Swinging Strike
1-2: Ball
2-2: Foul Ball, location: 23FF
2-2: Strikes out swinging
Bottom of the 8th over - 2 runs, 3 hits, 0 errors, 1 left on base; Akron 8 - Richmond 13
TOP OF THE 9TH
Akron RubberDucks batting - Pitching for Richmond Flying Squirrels : LHP Alberto Vasquez
Batting: LHB Chris Shuford 0-0: Ball
1-0: SINGLE (Line Drive, 7S, EV 103.1 MPH)
Batting: RHB Jake Wahlstrom 0-0: Called Strike
0-1: Ball
1-1: Called Strike
1-2: Ball
2-2: Fly out, F8 (Flyball, 78D, EV 101.3 MPH)
Batting: SHB Roger Gallacher 0-0: Swinging Strike
0-1: Called Strike
0-2: Strikes out looking
Batting: RHB Matt Wescoat 0-0: Ball
1-0: Foul Ball, location: 9LMF
1-1: Foul Ball, location: 2F
1-2: Ball
2-2: Ball
3-2: Foul Ball, location: 9LSF
3-2: Base on Balls
Chris Shuford to second
Batting: LHB Bruce Benevides 0-0: Ball
1-0: Called Strike
1-1: Swinging Strike
1-2: Ball
2-2: Ball
3-2: Fly out, F7 (Flyball, 78M, EV 95.0 MPH)
Top of the 9th over - 0 runs, 1 hit, 0 errors, 2 left on base; Akron 8 - Richmond 13
Wednesday, May 15th , 2024 - OOTP Baseball 24.11 Build 85